TOP OF THE 1ST |
San Diego Padres batting - Pitching for Colorado Rockies : RHP Jaden Mackey
|
Pitching: RHP Jaden Mackey
|
|
Batting: SHB Antoine Roux
|
0-0: Ball 1-0: Called Strike 1-1: Foul Ball, location: 2F 1-2: Ball 2-2: DOUBLE (Line Drive, 78XD, EV 103.1 MPH)
|
Batting: SHB Phil Zacharia
|
0-0: Ball 1-0: Ball 2-0: Ball 3-0: Called Strike 3-1: Base on Balls
|
Batting: LHB Mike Holt
|
0-0: Called Strike 0-1: Ball 1-1: Swinging Strike 1-2: Ball 2-2: Strikes out swinging
|
Batting: RHB Chiel Palstermans
|
0-0: Ball Wild Pitch! Antoine Roux to third Phil Zacharia to second 1-0: Fly out, F7 (Flyball, 7LM, EV 93.1 MPH) Runner from 3rd tags up, SCORES, throw by LF Phil Zacharia to third
|
Batting: LHB Aaron LeBlanc
|
0-0: Called Strike 0-1: Ball 1-1: Fly out, F8 (Flyball, 8RM, EV 90.0 MPH)
|
Top of the 1st over - 1 run, 1 hit, 0 errors, 1 left on base; San Diego 1 - Colorado 0 |
BOTTOM OF THE 1ST |
Colorado Rockies batting - Pitching for San Diego Padres : RHP Troy Baker
|
Pitching: RHP Troy Baker
|
|
Batting: SHB Chris Blue
|
0-0: Fly out, F7 (Flyball, 7, EV 93.8 MPH)
|
Batting: SHB Jon Munoz
|
0-0: Fly out, F7 (Line Drive, 7D, EV 90.0 MPH)
|
Batting: RHB Joel Haycock
|
0-0: Called Strike 0-1: Ground out 6-3 (Groundball, 6, EV 83.1 MPH)
|
Bottom of the 1st over - 0 runs, 0 hits, 0 errors, 0 left on base; San Diego 1 - Colorado 0 |
TOP OF THE 2ND |
San Diego Padres batting - Pitching for Colorado Rockies : RHP Jaden Mackey
|
Batting: RHB Dietmar Warmisch
|
0-0: Called Strike 0-1: Called Strike 0-2: Ball 1-2: Foul Ball, location: 2F 1-2: Foul Ball, location: 2F 1-2: Foul Ball, location: 2F 1-2: Ball 2-2: Foul Ball, location: 2F 2-2: Ball 3-2: Base on Balls
|
Batting: LHB Ryan Flynn Jr.
|
0-0: Called Strike 0-1: Foul Ball, location: 2F 0-2: Ball 1-2: Ball 2-2: Foul Ball, location: 2F 2-2: Ball 3-2: Base on Balls Dietmar Warmisch to second
|
Batting: SHB Rich Chavez
|
0-0: Ball 1-0: Called Strike 1-1: Ball 2-1: Ball 3-1: Foul Ball, location: 2F 3-2: Strikes out looking
|
Batting: RHB Luis Villanueva
|
0-0: Grounds into double play, 6-4-3 (Groundball, 6, EV 93.1 MPH)
|
Top of the 2nd over - 0 runs, 0 hits, 0 errors, 1 left on base; San Diego 1 - Colorado 0 |
BOTTOM OF THE 2ND |
Colorado Rockies batting - Pitching for San Diego Padres : RHP Troy Baker
|
Batting: RHB Jason Andrews
|
0-0: Fly out, F6 (Popup, 6, EV 69.4 MPH)
|
Batting: RHB Sterling Acosta
|
0-0: Ball 1-0: Ball 2-0: Foul Ball, location: 2F 2-1: Ball 3-1: Base on Balls
|
Batting: SHB Eddie Quinones
|
0-0: Ball 1-0: Ball 2-0: SINGLE (Flyball, 78S, EV 94.4 MPH) Sterling Acosta to second
|
Batting: RHB Chad Thompson
|
0-0: SINGLE (Groundball, 4MD, EV 111.9 MPH) Sterling Acosta to third Eddie Quinones to second Runner from 3rd tries for Home, SAFE, throw by CF to home
|
Batting: LHB Greg Valenzuela
|
0-0: Ball 1-0: Ball 2-0: Called Strike 2-1: Called Strike 2-2: Foul Ball, location: 2F 2-2: Fielders Choice at 2nd, 1-4 (Groundball, 15S, EV 73.8 MPH) Eddie Quinones to third
|
Batting: RHB Eduardo Camacho
|
0-0: Called Strike 0-1: Foul Ball, location: 2F 0-2: SINGLE (Groundball, 4MD, EV 99.4 MPH) Eddie Quinones scores Greg Valenzuela to second
|
Batting: SHB Chris Blue
|
0-0: Ball 1-0: DOUBLE (Flyball, 89D, EV 113.1 MPH) Greg Valenzuela scores Eduardo Camacho to third
|
Batting: SHB Jon Munoz
|
0-0: Called Strike 0-1: Ball 1-1: Foul Ball, location: 2F 1-2: Foul Ball, location: 2F 1-2: Foul Ball, location: 2F 1-2: Strikes out swinging
|
Bottom of the 2nd over - 3 runs, 4 hits, 0 errors, 2 left on base; San Diego 1 - Colorado 3 |
TOP OF THE 3RD |
San Diego Padres batting - Pitching for Colorado Rockies : RHP Jaden Mackey
|
Batting: SHB Antoine Roux
|
0-0: Ball 1-0: Foul Ball, location: 2F 1-1: Swinging Strike 1-2: Fly out, F7 (Flyball, 7, EV 90.0 MPH)
|
Batting: SHB Phil Zacharia
|
0-0: Foul Ball, location: 2F 0-1: Ball 1-1: Called Strike 1-2: Ball 2-2: Ball 3-2: Foul Ball, location: 2F 3-2: Foul Ball, location: 2F 3-2: Foul Ball, location: 2F 3-2: Strikes out swinging
|
Batting: LHB Mike Holt
|
0-0: Called Strike 0-1: Foul Ball, location: 2F 0-2: Foul Ball, location: 2F 0-2: Ball 1-2: Ball 2-2: SOLO HOME RUN (Flyball, 89XD, EV 108.1 MPH), Distance : 424 ft
|
Batting: RHB Chiel Palstermans
|
0-0: Ball 1-0: Ball 2-0: Foul Ball, location: 2F 2-1: Ball 3-1: Base on Balls
|
Batting: LHB Aaron LeBlanc
|
0-0: Called Strike 0-1: SINGLE (Flyball, 78S, EV 95.6 MPH) Chiel Palstermans to second Runner from 2nd tries for 3rd, SAFE, throw by LF made to third
|
Batting: RHB Dietmar Warmisch
|
0-0: Swinging Strike 0-1: Ball 1-1: Foul Ball, location: 2F 1-2: Foul Ball, location: 2F 1-2: 3-RUN HOME RUN (Line Drive, 78XD, EV 105.0 MPH), Distance : 407 ft
|
Batting: LHB Ryan Flynn Jr.
|
0-0: Swinging Strike 0-1: Ball 1-1: Swinging Strike 1-2: Hit by Pitch
|
Batting: SHB Rich Chavez
|
0-0: Called Strike 0-1: Ball 1-1: Ball 2-1: Foul Ball, location: 2F 2-2: Foul Ball, location: 2F 2-2: DOUBLE (Line Drive, 9LM, EV 107.5 MPH) Ryan Flynn Jr. to third
|
Batting: RHB Luis Villanueva
|
0-0: Ground out 5-3 (Groundball, 56S, EV 85.0 MPH)
|
Top of the 3rd over - 4 runs, 4 hits, 0 errors, 2 left on base; San Diego 5 - Colorado 3 |
BOTTOM OF THE 3RD |
Colorado Rockies batting - Pitching for San Diego Padres : RHP Troy Baker
|
Batting: RHB Joel Haycock
|
0-0: Fly out, F9 (Flyball, 89S, EV 90.6 MPH)
|
Batting: RHB Jason Andrews
|
0-0: Ball 1-0: Ball 2-0: Foul Ball, location: 2F 2-1: Ball 3-1: Called Strike 3-2: Strikes out looking
|
Batting: RHB Sterling Acosta
|
0-0: SINGLE (Line Drive, 78S, EV 106.2 MPH)
|
Batting: SHB Eddie Quinones
|
0-0: Called Strike 0-1: SINGLE (Groundball, 34, EV 97.5 MPH) Sterling Acosta to second Runner from 2nd tries for 3rd, SAFE, no throw by RF
|
Batting: RHB Chad Thompson
|
0-0: Ball 1-0: Called Strike 1-1: Foul Ball, location: 2F 1-2: Strikes out looking
|
Bottom of the 3rd over - 0 runs, 2 hits, 0 errors, 2 left on base; San Diego 5 - Colorado 3 |
TOP OF THE 4TH |
San Diego Padres batting - Pitching for Colorado Rockies : RHP Jaden Mackey
|
Batting: SHB Antoine Roux
|
0-0: Foul Ball, location: 2F 0-1: Ball 1-1: Foul Ball, location: 2F 1-2: Ball 2-2: Ball 3-2: Foul Ball, location: 2F 3-2: Ground out U3 (Groundball, 34S, EV 81.9 MPH)
|
Batting: SHB Phil Zacharia
|
0-0: Called Strike 0-1: Ball 1-1: DOUBLE (Line Drive, 7LM, EV 90.6 MPH)
|
Batting: LHB Mike Holt
|
0-0: Called Strike 0-1: Called Strike 0-2: Ball 1-2: 2-RUN HOME RUN (Line Drive, 9LD, EV 99.4 MPH), Distance : 385 ft
|
Pitching: RHP Mike Mik
|
|
Batting: RHB Chiel Palstermans
|
0-0: Foul Ball, location: 2F 0-1: Swinging Strike 0-2: Ball 1-2: Foul Ball, location: 2F 1-2: Strikes out swinging
|
Batting: LHB Aaron LeBlanc
|
0-0: Called Strike 0-1: Foul Ball, location: 2F 0-2: Ball 1-2: Foul Ball, location: 2F 1-2: Strikes out swinging
|
Top of the 4th over - 2 runs, 2 hits, 0 errors, 0 left on base; San Diego 7 - Colorado 3 |
BOTTOM OF THE 4TH |
Colorado Rockies batting - Pitching for San Diego Padres : RHP Troy Baker
|
Batting: LHB Greg Valenzuela
|
0-0: Ball 1-0: Swinging Strike 1-1: Ball 2-1: Swinging Strike 2-2: Foul Ball, location: 2F 2-2: Strikes out swinging
|
Batting: RHB Eduardo Camacho
|
0-0: Ground out 5-3 (Groundball, 5, EV 85.0 MPH)
|
Batting: SHB Chris Blue
|
0-0: Ball 1-0: Ball 2-0: Foul Ball, location: 2F 2-1: Foul Ball, location: 2F 2-2: Ground out 6-3 (Groundball, 6, EV 76.2 MPH)
|
Bottom of the 4th over - 0 runs, 0 hits, 0 errors, 0 left on base; San Diego 7 - Colorado 3 |
TOP OF THE 5TH |
San Diego Padres batting - Pitching for Colorado Rockies : RHP Mike Mik
|
Batting: RHB Dietmar Warmisch
|
0-0: Called Strike 0-1: Ball 1-1: Ground out 4-3 (Groundball, 13, EV 82.5 MPH)
|
Batting: LHB Ryan Flynn Jr.
|
0-0: Called Strike 0-1: Foul Ball, location: 2F 0-2: Foul Ball, location: 2F 0-2: Foul Ball, location: 2F 0-2: Foul Ball, location: 2F 0-2: Ball 1-2: Ball 2-2: Ground out 4-3 (Groundball, 4, EV 96.9 MPH)
|
Batting: SHB Rich Chavez
|
0-0: Ball 1-0: Ground out 4-3 (Groundball, 4M, EV 85.0 MPH)
|
Top of the 5th over - 0 runs, 0 hits, 0 errors, 0 left on base; San Diego 7 - Colorado 3 |
BOTTOM OF THE 5TH |
Colorado Rockies batting - Pitching for San Diego Padres : RHP Troy Baker
|
Batting: SHB Jon Munoz
|
0-0: Ball 1-0: Called Strike 1-1: Foul Ball, location: 2F 1-2: Foul Ball, location: 2F 1-2: Ball 2-2: Ball 3-2: SINGLE (Flyball, 56D, EV 83.1 MPH)
|
Batting: RHB Joel Haycock
|
0-0: Ball 1-0: Foul Ball, location: 2F 1-1: Foul Ball, location: 2F 1-2: Ball 2-2: SINGLE (Groundball, 6MD, EV 99.4 MPH) Jon Munoz to second
|
Batting: RHB Jason Andrews
|
0-0: Called Strike 0-1: Grounds into double play, 6-4-3 (Groundball, 6, EV 93.8 MPH) Jon Munoz to third
|
Batting: RHB Sterling Acosta
|
0-0: Ball 1-0: Fly out, F9 (Flyball, 9, EV 90.6 MPH)
|
Bottom of the 5th over - 0 runs, 2 hits, 0 errors, 1 left on base; San Diego 7 - Colorado 3 |
TOP OF THE 6TH |
San Diego Padres batting - Pitching for Colorado Rockies : RHP Mike Mik
|
Batting: RHB Luis Villanueva
|
0-0: Foul Ball, location: 2F 0-1: Ball 1-1: Swinging Strike 1-2: Strikes out swinging, 2-3 out at first.
|
Batting: SHB Antoine Roux
|
0-0: Called Strike 0-1: Called Strike 0-2: Foul Ball, location: 2F 0-2: Ball 1-2: Strikes out swinging
|
Batting: SHB Phil Zacharia
|
0-0: Ball 1-0: TRIPLE (Flyball, 89XD, EV 95.0 MPH)
|
Batting: LHB Mike Holt
|
0-0: Ball 1-0: Swinging Strike 1-1: Ball 2-1: Foul Ball, location: 2F 2-2: Ball 3-2: Base on Balls
|
Batting: RHB Chiel Palstermans
|
0-0: Swinging Strike 0-1: Ball 1-1: Ground out 4-3 (Groundball, 4, EV 83.8 MPH)
|
Top of the 6th over - 0 runs, 1 hit, 0 errors, 2 left on base; San Diego 7 - Colorado 3 |
BOTTOM OF THE 6TH |
Colorado Rockies batting - Pitching for San Diego Padres : RHP Troy Baker
|
Batting: SHB Eddie Quinones
|
0-0: Ball 1-0: Ball 2-0: SINGLE (Line Drive, 78S, EV 101.2 MPH)
|
Batting: RHB Chad Thompson
|
0-0: Foul Ball, location: 2F 0-1: Ball 1-1: Ball 2-1: Grounds into double play, 6-4-3 (Groundball, 56, EV 85.6 MPH)
|
Batting: LHB Greg Valenzuela
|
0-0: Ball 1-0: Called Strike 1-1: Ball 2-1: Ball 3-1: Foul Ball, location: 2F 3-2: Ground out U3 (Groundball, 3, EV 79.4 MPH)
|
Bottom of the 6th over - 0 runs, 1 hit, 0 errors, 0 left on base; San Diego 7 - Colorado 3 |
TOP OF THE 7TH |
San Diego Padres batting - Pitching for Colorado Rockies : RHP Mike Mik
|
Pitching: RHP Mike Chapman
|
|
Batting: LHB Aaron LeBlanc
|
0-0: Ball 1-0: Ground out 1-3 (Groundball, 13S, EV 65.0 MPH)
|
Batting: RHB Dietmar Warmisch
|
0-0: Ball 1-0: Swinging Strike 1-1: Foul Ball, location: 2F 1-2: SINGLE (Groundball, 56D, EV 97.5 MPH)
|
Batting: LHB Ryan Flynn Jr.
|
0-0: Ground out 4-3 (Groundball, 34S, EV 84.4 MPH) Dietmar Warmisch to second
|
Batting: SHB Rich Chavez
|
0-0: Called Strike 0-1: Foul Ball, location: 2F 0-2: Foul Ball, location: 2F 0-2: Ball 1-2: Foul Ball, location: 2F 1-2: Foul Ball, location: 2F 1-2: Ground out 5-3 (Groundball, 56, EV 85.6 MPH)
|
Top of the 7th over - 0 runs, 1 hit, 0 errors, 1 left on base; San Diego 7 - Colorado 3 |
BOTTOM OF THE 7TH |
Colorado Rockies batting - Pitching for San Diego Padres : RHP Troy Baker
|
Batting: RHB Eduardo Camacho
|
0-0: SINGLE (Flyball, 8RS, EV 92.5 MPH)
|
Batting: SHB Chris Blue
|
0-0: Foul Ball, location: 2F 0-1: Ball 1-1: Ball 2-1: Ball 3-1: Foul Ball, location: 2F 3-2: Fielders Choice at 2nd, 4-6 (Groundball, 4, EV 84.4 MPH)
|
Batting: SHB Jon Munoz
|
0-0: Ball 1-0: Called Strike 1-1: Ball 2-1: SINGLE (Groundball, 34D, EV 98.1 MPH) Chris Blue to second Runner from 2nd tries for 3rd, SAFE, throw by RF made at trailing runner, OUT! 9-6
|
Batting: RHB Joel Haycock
|
0-0: Ground out 6-3 (Groundball, 6, EV 101.9 MPH)
|
Bottom of the 7th over - 0 runs, 2 hits, 0 errors, 1 left on base; San Diego 7 - Colorado 3 |
TOP OF THE 8TH |
San Diego Padres batting - Pitching for Colorado Rockies : RHP Mike Chapman
|
Pitching: RHP Tony Campos
|
|
Batting: RHB Luis Villanueva
|
0-0: Ball 1-0: Ball 2-0: Ball 3-0: Called Strike 3-1: Swinging Strike 3-2: Foul Ball, location: 2F 3-2: Strikes out looking
|
Batting: SHB Antoine Roux
|
0-0: Ball 1-0: Swinging Strike 1-1: Called Strike 1-2: Fly out, F9 (Line Drive, 89M, EV 95.6 MPH)
|
Batting: SHB Phil Zacharia
|
0-0: Ball 1-0: Ball 2-0: Called Strike 2-1: Swinging Strike 2-2: Foul Ball, location: 2F 2-2: DOUBLE (Line Drive, 89D, EV 103.1 MPH)
|
Batting: LHB Mike Holt
|
0-0: Ball 1-0: Called Strike 1-1: Swinging Strike 1-2: Ball 2-2: Strikes out swinging
|
Top of the 8th over - 0 runs, 1 hit, 0 errors, 1 left on base; San Diego 7 - Colorado 3 |
BOTTOM OF THE 8TH |
Colorado Rockies batting - Pitching for San Diego Padres : RHP Troy Baker
|
Batting: RHB Jason Andrews
|
0-0: Called Strike 0-1: Ground out 5-3 (Groundball, 56S, EV 73.8 MPH)
|
Batting: RHB Sterling Acosta
|
0-0: Ball 1-0: Ground out 4-3 (Groundball, 4, EV 103.1 MPH)
|
Batting: SHB Eddie Quinones
|
0-0: Ball 1-0: Foul Ball, location: 2F 1-1: Ball 2-1: Ball 3-1: Base on Balls
|
Pitching: RHP Arturo Diaz
|
|
Batting: RHB Chad Thompson
|
0-0: Ball 1-0: Foul Ball, location: 2F 1-1: Foul Ball, location: 2F 1-2: Strikes out swinging
|
Bottom of the 8th over - 0 runs, 0 hits, 0 errors, 1 left on base; San Diego 7 - Colorado 3 |
TOP OF THE 9TH |
San Diego Padres batting - Pitching for Colorado Rockies : RHP Tony Campos
|
Pitching: LHP Eric Zielinski
|
|
Batting: RHB Chiel Palstermans
|
0-0: Ball 1-0: Swinging Strike 1-1: Ball 2-1: Ball 3-1: Fly out, F9 (Line Drive, 9, EV 90.6 MPH)
|
Batting: LHB Aaron LeBlanc
|
0-0: Called Strike 0-1: Called Strike 0-2: Strikes out swinging
|
Batting: RHB Dietmar Warmisch
|
0-0: Called Strike 0-1: Swinging Strike 0-2: Ground out 4-3 (Groundball, 4, EV 91.2 MPH)
|
Top of the 9th over - 0 runs, 0 hits, 0 errors, 0 left on base; San Diego 7 - Colorado 3 |
BOTTOM OF THE 9TH |
Colorado Rockies batting - Pitching for San Diego Padres : RHP Arturo Diaz
|
Batting: LHB Greg Valenzuela
|
0-0: Called Strike 0-1: Ball 1-1: Foul Ball, location: 2F 1-2: Strikes out swinging
|
Batting: RHB Eduardo Camacho
|
0-0: Ball 1-0: SOLO HOME RUN (Line Drive, 7D, EV 102.5 MPH), Distance : 386 ft
|
Pitching: RHP Raul Almonte
|
|
Batting: SHB Chris Blue
|
0-0: Ball 1-0: Ball 2-0: Ball 3-0: Base on Balls
|
Batting: SHB Jon Munoz
|
0-0: Ball 1-0: DOUBLE (Line Drive, 7LS, EV 111.9 MPH) Chris Blue to third
|
Batting: RHB Joel Haycock
|
0-0: DOUBLE (Flyball, 8LXD, EV 103.8 MPH) Chris Blue scores Jon Munoz scores
|
Batting: RHB Jason Andrews
|
0-0: Ball 1-0: Called Strike 1-1: Ball 2-1: Swinging Strike 2-2: Foul Ball, location: 2F 2-2: Strikes out swinging
|
Batting: RHB Sterling Acosta
|
0-0: Ground out 4-3 (Groundball, 4, EV 104.4 MPH)
|
Bottom of the 9th over - 3 runs, 3 hits, 0 errors, 1 left on base; San Diego 7 - Colorado 6 |
|